 Dungeon Crawl Stone Soup version 0.22-a0-192-g6ffc940 (webtiles) character file.

109 wolfsongas the Skirmisher (level 4, -1/41 HPs)
             Began as a Hill Orc Fighter on Feb 16, 2018.
             Slain by a giant cockroach (2 damage)
             ... on level 2 of the Dungeon.
             The game lasted 00:01:24 (892 turns).

wolfsongas the Skirmisher (Hill Orc Fighter)         Turns: 892, Time: 00:01:25

Health: -1/41      AC:  7    Str: 19    XL:     4   Next: 89%
Magic:  4/4        EV:  7    Int:  8    God:
Gold:   81         SH:  9    Dex: 10    Spells: 3/3 levels left

rFire    . . .     SeeInvis .   a - +0 war axe
rCold    . . .     Gourm    .   c - +0 shield
rNeg     . . .     Faith    .   b - +0 scale mail
rPois    .         Spirit   .   (no helmet)
rElec    .         Reflect  .   (no cloak)
rCorr    .         Harm     .   (no gloves)
MR       .....                  (no boots)
Stlth    ..........             (no amulet)
HPRegen  0.13/turn              (no ring)
MPRegen  0.09/turn              (no ring)

@: no status effects
A: no striking features
a: no special abilities


You were on level 2 of the Dungeon.
You were not hungry.

You visited 1 branch of the dungeon, and saw 2 of its levels.

You collected 81 gold pieces.

Inventory:

Hand Weapons
 a - a +0 war axe (weapon)
Armour
 b - a +0 scale mail (worn)
 c - a +0 shield (worn)
Scrolls
 h - 3 scrolls of identify {unknown}
 i - a scroll of immolation {unknown}
 j - a scroll of enchant armour {unknown}
 l - 2 scrolls of remove curse {unknown}
Potions
 d - a potion of might
 e - 3 potions of agility {unknown}
 k - 2 potions of flight {unknown}
 m - 2 potions of brilliance {unknown}
 n - 2 potions of cancellation {unknown}
 o - a potion of heal wounds {unknown}
Comestibles
 f - 2 rations
 g - 8 chunks of flesh


   Skills:
 + Level 4.4 Fighting
 + Level 3.9 Axes
 + Level 4.1 Armour
 + Level 4.1 Shields


You had 3 spell levels left.
You didn't know any spells.

Dungeon Overview and Level Annotations

Branches:
Dungeon (2/15)

Altars:


Message History

You closely miss the gnoll.
The gnoll is almost dead.
You hit the giant cockroach. The giant cockroach closely misses you.
The gnoll hits you with a spear of piercing!
* * * LOW HITPOINT WARNING * * *
x2 You block the giant cockroach's attack.
You hit the gnoll.
You kill the gnoll!
You barely miss the giant cockroach. You block the giant cockroach's attack.
You block the giant cockroach's attack.
Things that are here:
a spear of piercing; a gnoll corpse You closely miss the giant cockroach.
The giant cockroach is severely wounded.
You block the giant cockroach's attack.
The giant cockroach bites you but does no damage.
Your shield and scale mail prevent you from hitting the giant cockroach.
The giant cockroach is severely wounded.
The giant cockroach bites you.
You die...

#.#.....#
...##.##
#...##..#
###.##.#
###.##..# #.#
.# #.##..# #
#.# #.##..##.
.. #.##..#.##
#.##..#..##
#.##..#)#.#
#.##...)@#
#รท###).s....?#
#>#
###.#.......
#.# #...#.###.
#.. ..###...
### #### .## #


You could see a giant cockroach.

Vanquished Creatures
  A howler monkey zombie (D:2)
  5 gnolls
  An ooze (D:1)
  3 dart slugs (D:1)
  A giant cockroach (D:1)
  4 goblins (D:1)
  5 hobgoblins
  4 jackals (D:1)
  5 kobolds
  5 bats
  A frilled lizard (D:2)
  5 rats
40 creatures vanquished.

Notes
Turn   | Place    | Note
-------+----------+-------------------------------------------
     0 | D:1      | wolfsongas the Hill Orc Fighter began the quest for the Orb.
     0 | D:1      | Reached XP level 1. HP: 19/19 MP: 1/1
    58 | D:1      | Reached XP level 2. HP: 19/27 MP: 2/2
   156 | D:1      | Reached XP level 3. HP: 26/33 MP: 3/3
   816 | D:2      | Reached XP level 4. HP: 29/40 MP: 4/4
   888 | D:2      | HP: 2/41 [gnoll/spear of piercing (8)]
   892 | D:2      | Slain by a giant cockroach

Vault maps used:
D:1:      dpeg_arrival_long_road

Skill      XL: |  1  2  3  4 |
---------------+-------------+-----
Axes           | 3 |  3.9
Fighting       | 4 |  4.4
Armour         | 4 |  4.1
Shields        | 4 |  4.1

Action                   |  1- 3 |  4- 6 || total
-------------------------+-------+-------++-------
Melee: War axe           |   101 |    17 ||   118
Armor: Scale mail        |    45 |    11 ||    56
Dodge: Dodged            |    38 |     6 ||    44
Block: Shield            |    63 |    20 ||    83

Table legend:
 A = Spawn XP
 B = Non-spawn XP
 C = Spawn XP percentage of total XP
 D = Spawn monster count
 E = Non-spawn monster count
 F = Spawn count percentage of total count
 G = Total turns spent on level
                    A         B        C        D         E        F      G
               +---------+---------+-------+---------+---------+-------+---------
         Total |       0 |     156 |   0.0 |       0 |      40 |   0.0 |   892
               +---------+---------+-------+---------+---------+-------+---------
           D:1 |       0 |      69 |   0.0 |       0 |      27 |   0.0 |   745
           D:2 |       0 |      87 |   0.0 |       0 |      13 |   0.0 |   147
               +---------+---------+-------+---------+---------+-------+---------
